 Dungeon Crawl Stone Soup version 0.28-a0-793-g31680bbd8b (webtiles) character file.

Game seed: 2312626519623877759

116 ytrimaz the Skirmisher (level 5, -3/55 HPs)
             Began as an Ogre Berserker on Nov 4, 2021.
             Was a Believer of Trog.
             Slain by a goblin (5 damage)
             ... led by Robin
             ... on level 3 of the Dungeon.
             The game lasted 00:03:16 (2905 turns).

ytrimaz the Skirmisher (Ogre Berserker)             Turns: 2905, Time: 00:03:16

Health: -3/55      AC:  3    Str: 22    XL:     5   Next: 0%
Magic:  5/5        EV: 10    Int:  8    God:    Trog [**....]
Gold:   107        SH:  0    Dex:  8    Spells: 4/4 levels left

rFire   . . .      SeeInvis .   a - +0 mace
rCold   . . .      Faith    .   (no shield)
rNeg    . . .      Spirit   .   b - +0 animal skin
rPois   .          Reflect  .   (helmet restricted)
rElec   .          Harm     .   (no cloak)
rCorr   .          Rampage  .   (gloves unavailable)
Will    .....                   (boots unavailable)
Stlth   +.........              (no amulet)
HPRegen 0.18/turn               (no ring)
MPRegen 0.09/turn               (no ring)

@: on berserk cooldown, slowed, very slow
A: large, unfitting armour, tough skin 1
a: Renounce Religion, Berserk, Trog's Hand


You were on level 3 of the Dungeon.
You worshipped Trog.
Trog was pleased with you.
You visited 1 branch of the dungeon, and saw 3 of its levels.

You collected 107 gold pieces.

Inventory:

Hand Weapons
 a - a +0 mace (weapon)
Armour
 b - a +0 animal skin (worn)
Jewellery
 h - an amulet of guardian spirit
 l - a +6 ring of intelligence
 p - a ring of protection from cold
Scrolls
 c - a scroll of teleportation {unknown}
 d - 4 scrolls of identify
 j - 2 scrolls of noise {unknown}
 m - 2 scrolls of fear {unknown}
 o - 3 scrolls of enchant armour {unknown}
Potions
 e - 2 potions of curing {unknown}
 g - a potion of might {unknown}
 i - a potion of flight {unknown}
 k - 2 potions of brilliance {unknown}
 n - a potion of resistance {unknown}
 q - a potion of degeneration {unknown}


   Skills:
 + Level 4.9 Fighting
 + Level 4.0 Maces & Flails
 + Level 3.4 Dodging


You had 4 spell levels left.
You didn't know any spells.
Your spell library was empty.

Dungeon Overview and Level Annotations

Branches:
Dungeon (3/15)

Altars:
Nemelex Xobeh


Innate Abilities, Weirdness & Mutations

You are too large for most types of armour.
You have tough skin. (AC +1)


Message History

The goblin closely misses you. The goblin hits you with a +0 club.
* * * LOW HITPOINT WARNING * * *
A hobgoblin comes into view.
The goblin hits you with a +0 dagger.
* * * LOW HITPOINT WARNING * * *
Your Maces & Flails skill increases to level 4!
You barely miss the goblin. The goblin closely misses you. x2
The goblin hits you with a +0 club.
* * * LOW HITPOINT WARNING * * *
The goblin hits you with a +0 dagger.
* * * LOW HITPOINT WARNING * * *
Unknown command.
You thump the goblin!
You kill the goblin!
Trog accepts your kill. The goblin hits you with a +0 dagger.
* * * LOW HITPOINT WARNING * * *
The goblin hits you with a +0 dagger.
* * * LOW HITPOINT WARNING * * *
You have reached level 5!
You are too berserk!
Unknown command.
You closely miss the goblin. The goblin hits you but does no damage.
Unknown command.
The goblin hits you but does no damage. The goblin closely misses you.
You feel a strong urge to attack something.
The goblin unwields a +0 dagger.
The goblin wields a +0 hunting sling.
The goblin shoots a stone.
The stone closely misses you.
You feel your anger nearly subside.
You are no longer berserk.
You are exhausted.
You feel yourself slow down.
As you read the scroll labelled ATIEHUSS ODUMI, it crumbles to dust.
It is a scroll of identify.
f - a scroll of summoning
As you read the scroll of summoning, it crumbles to dust.
Wisps of shadow whirl around you...
The goblin no longer looks unusually strong.
The goblin hits your adder with a +0 dagger.
The goblin hits you with a +0 dagger.
You die...

####### #........
#........ #........
#........ #........
############....(...
#...g...............
#..Sg...............
#gJ@gg.......####.##
######g..##### #..#
#...# ##.# #g..# #..
#)).# #######. #...#
##.......
...............
.#...####......#
..#...# #.......


You could see a hobgoblin, 3 goblins, a friendly adder (summoned), a friendly
endoplasm (summoned) and 2 friendly hobgoblins.

Vanquished Creatures
  Robin (D:3)
  4 adders
  A worm (D:2)
  3 dart slugs (D:1)
  An orc (D:3)
  4 bats
  5 endoplasms
  4 giant cockroaches
  11 goblins
  4 hobgoblins
  2 jackals (D:2)
  2 quokkas (D:2)
  3 ball pythons
  2 frilled lizards
  5 kobolds
  4 rats
56 creatures vanquished.

Notes
Turn   | Place    | Note
-------+----------+-------------------------------------------
     0 | D:1      | ytrimaz the Ogre Berserker began the quest for the Orb.
     0 | D:1      | Reached XP level 1. HP: 24/24 MP: 1/1
   126 | D:1      | Reached XP level 2. HP: 25/32 MP: 2/2
   557 | D:1      | Reached XP level 3. HP: 40/40 MP: 3/3
   558 | D:1      | Reached ** piety under Trog
  1647 | D:2      | Reached XP level 4. HP: 32/49 MP: 4/4
  1808 | D:2      | Found a sparkling altar of Nemelex Xobeh.
  1994 | D:2      | Found a faded altar of an unknown god.
  2886 | D:3      | Noticed Robin
  2895 | D:3      | Killed Robin
  2897 | D:3      | HP: 2/73 [goblin[Robin] (2)]
  2898 | D:3      | Reached XP level 5. HP: 2/55 MP: 5/5
  2905 | D:3      | Slain by a goblin

Illustrated notes

Levels and vault maps discovered:
D:1:      dpeg_arrival_round_c, layout_rooms, serial_rivers,
          chequers_serial_rivers_micro_a, chequers_serial_rivers_small_a,
          chequers_serial_rivers_micro_e, chequers_serial_rivers_large_a,
          chequers_serial_rivers_small_b, dk_noncrumbling_4
D:2:      layout_basic, basic_altar, basic_ecumenical_altar
D:3:      layout_basic, uniq_robin

Skill      XL: |  1  2  3  4 |
---------------+-------------+-----
Maces & Flails | 3 4 |  4.0
Dodging        | 3 |  3.4
Fighting       | |  4.9

Action                   |  1- 3 |  4- 6 || total
-------------------------+-------+-------++-------
Melee: Mace              |    93 |    53 ||   146
Invok: Berserk           |     2 |     2 ||     4
       Trog's Hand       |       |     1 ||     1
  Use: Scroll            |       |     2 ||     2
Armor: Animal skin       |    20 |    34 ||    54
Dodge: Dodged            |    55 |    47 ||   102

Table legend: (Time is in decaauts)
 A = Elapsed time spent in this place.
 B = Non-inter-level travel time spent in this place.
 C = Inter-level travel time spent in this place.
 D = Time resting spent in this place.
 E = Time spent auto-exploring this place.
 F = Levels seen in this place.
 G = Mean time per level.
                   A        B        C        D        E       F      G
               +--------+--------+--------+--------+--------+-----+--------+
         Total |   2972 |   2953 |     19 |    155 |   2410 |   3 |  990.7 |
       Dungeon |   2972 |   2953 |     19 |    155 |   2410 |   3 |  990.7 |
               +--------+--------+--------+--------+--------+-----+--------+

Top non-repeatable levels by time:
     D:2: 1472 daAuts
     D:1: 913 daAuts
     D:3: 587 daAuts
